 Dungeon Crawl Stone Soup version 0.22.1-2-g9c5b331 (webtiles) character file.

13477 MalarOregon the Spear-Bearer (level 12, -3/92 (93) HPs)
             Began as a Merfolk Ice Elementalist on Nov 16, 2018.
             Was an Elder of Kikubaaqudgha.
             Slain by a catoblepas (22 damage)
             ... on level 12 of the Dungeon.
             The game lasted 00:44:31 (16679 turns).

MalarOregon the Spear-Bearer (MfIE)                Turns: 16679, Time: 00:44:31

HP:   -3/92 (93)    AC: 14    Str:  8    XL:     12   Next: 6%
MP:   18/22         EV: 17    Int: 19    God:    Kikubaaqudgha [****..]
Gold: 216           SH:  0    Dex: 15    Spells: 6/25 levels left

rFire    + . .     SeeInvis +   v - +1 trident
rCold    . . .     Gourm    .   (no shield)
rNeg     . . .     Faith    .   G - +0 acid dragon scales
rPois    +         Spirit   .   J - +2 helmet {SInv}
rElec    .         Reflect  .   i - +0 cloak
rCorr    +         Harm     .   w - +2 pair of gloves "Cypsestra" {rPois rF+ Slay+3}
MR       .....                  C - +0 pair of boots
Stlth    ++........             n - amulet of the acrobat
HPRegen  0.25/turn              f - ring of wizardry
MPRegen  0.18/turn              F - ring of resist corrosion

@: no status effects
A: change form in water, swift swim, stealthy swim
a: Receive Corpses, Renounce Religion


You were on level 12 of the Dungeon.
You worshipped Kikubaaqudgha.
Kikubaaqudgha was greatly pleased with you.
You were not hungry.

You visited 2 branches of the dungeon, and saw 13 of its levels.
You also visited: Sewer.

You collected 608 gold pieces.
You spent 392 gold pieces at shops.

Inventory:

Hand Weapons
 v - a +1 trident (weapon)
   (You found it on level 5 of the Dungeon)
Missiles
 p - a javelin (quivered)
 r - a throwing net {!f}
 E - 15 tomahawks
Armour
 i - a +0 cloak (worn)
   (You found it on level 2 of the Dungeon)
 k - a +2 hat of magic resistance
   (You acquired it on level 9 of the Dungeon)
 w - the +2 pair of gloves "Cypsestra" (worn) {rPois rF+ Slay+3}
   (You found it on level 4 of the Dungeon)

   It affects your accuracy and damage with ranged weapons and melee attacks
   (+3).
   It protects you from fire.
   It protects you from poison.
 C - a +0 pair of boots (worn)
   (You bought it in a shop on level 6 of the Dungeon)
 G - +0 acid dragon scales (worn)
   (You found it on level 10 of the Dungeon)
 J - a +2 helmet of see invisible (worn)
   (You found it on level 10 of the Dungeon)
Jewellery
 f - a ring of wizardry (left hand)
   (You took it off a kobold on level 1 of the Dungeon)
 n - an amulet of the acrobat (around neck)
   (You found it on level 7 of the Dungeon)
 F - a ring of resist corrosion (right hand)
   (You found it on level 8 of the Dungeon)
Wands
 c - a wand of disintegration (19)
   (You found it on level 6 of the Dungeon)
 d - a wand of iceblast (15)
   (You found it on level 4 of the Dungeon)
 u - a wand of paralysis (14)
   (You found it on level 2 of the Dungeon)
 x - a wand of acid (5)
   (You found it on level 7 of the Dungeon)
 D - a wand of polymorph (15)
   (You bought it in a shop on level 6 of the Dungeon)
Scrolls
 b - 10 scrolls of identify {@r1}
 h - 4 scrolls of fear
 j - 3 scrolls of enchant weapon
 l - 4 scrolls of amnesia
 m - a scroll of enchant armour
 q - 5 scrolls of remove curse {@r2}
 t - 3 scrolls of teleportation {@r4}
 y - a scroll of magic mapping
 L - 3 scrolls of immolation {!r}
Potions
 g - 4 potions of curing {@q1}
 o - 5 potions of flight
 s - 3 potions of heal wounds {@q2}
 z - a potion of resistance
 A - 6 potions of might
 B - 2 potions of ambrosia
 H - a potion of invisibility {unknown}
 I - 2 potions of lignification {unknown}
 K - a potion of berserk rage {unknown}
Miscellaneous
 a - a lightning rod (4/4) {!a}
   (You found it on level 11 of the Dungeon)
Comestibles
 e - 23 rations {!d}


   Skills:
 + Level 8.2 Fighting
 * Level 11.3 Polearms
 + Level 10.2 Dodging
 - Level 2.1 Stealth
 + Level 7.3 Spellcasting
 + Level 4.6 Conjurations
 + Level 2.2 Summonings
 + Level 4.4 Necromancy
 + Level 9.1 Ice Magic


You had 6 spell levels left.
You knew the following spells:

 Your Spells              Type           Power        Failure   Level  Hunger
a - Freeze                Ice            ####         1%          1    None
b - Animate Skeleton      Necr           N/A          1%          1    None
c - Throw Icicle          Conj/Ice       ####....     4%          4    ###....
d - Summon Ice Beast      Ice/Summ       ####....     7%          4    ###....
q - Vampiric Draining     Necr           ###.......   3%          3    #......
u - Animate Dead          Necr           N/A          12%         4    ###....
x - Throw Frost           Conj/Ice       ####..       1%          2    None

Your spell library contained the following spells:

 Spells                   Type           Power        Failure   Level  Hunger
 Pain                     Necr           ###.         1%          1    None
 Ensorcelled Hibernation  Hex/Ice        ###...       1%          2    None
 Sublimation of Blood     Necr           ###.......   1%          2    None
 Ozocubu's Armour         Chrm/Ice       ###.....     3%          3    #......
 Corona                   Hex            #......      8%          1    None
 Dazzling Spray           Conj/Hex       ###...       9%          3    #......
 Regeneration             Chrm/Necr      ###.......   9%          3    #......
 Confuse                  Hex            #.......     21%         3    #......
 Tukima's Dance           Hex            #.......     21%         3    #......
 Agony                    Necr           ###.....     30%         5    #####..
 Dispel Undead            Necr           ###.....     30%         5    #####..
 Excruciating Wounds      Chrm/Necr      ###.......   58%         5    #####..
 Death Channel            Necr           ###.......   83%         6    ######.


Dungeon Overview and Level Annotations

Branches:
Dungeon (12/15)            Temple (1/1) D:7            Lair (0/6) D:9
    Orc (0/2) D:12

Altars:
Cheibriados
Dithmenos
Elyvilon
Fedhas
Gozag
Hepliaklqana
Kikubaaqudgha
Makhleb
Nemelex Xobeh
Okawaru
Qazlal
Ru
Sif Muna
Trog
Uskayaw
Vehumet
Wu Jian
Xom
Yredelemnul
Zin
The Shining One

Shops:
D:6 *   D:7 (   D:9 (   D:12 *(

Annotations:
D:10 2 runed doors, Anadir's ghost, novice TrBe


Message History

Kikubaaqudgha accepts your kill.
Found 12 poisoned needles and a ration.
There is an entrance to Giaco's General Store here.
j - 3 scrolls of enchant weapon (gained 1) Thank you for shopping at Giaco's General Store!
e - 23 rations {!d} (gained 1)
Found a stone staircase leading up.
Your legs become a tail as you enter the water.
Your +0 pair of boots melds into your body.
A catoblepas and a manticore come into view.
Found 37 gold pieces and a quarterstaff.
Your +0 pair of boots unmelds from your body.
Your legs become a tail as you enter the water.
Your +0 pair of boots melds into your body.
The catoblepas bellows!
The catoblepas roars fiercely, eyes lowered.
Attack whom?
Aim: a catoblepas You reach to attack!
You hit the catoblepas.
You hit the catoblepas but do no damage.
You hit the catoblepas. You tail-slap the catoblepas.
The catoblepas breathes a plume of calcifying dust at you.
The blast of calcifying dust hits you!
Your +0 pair of boots unmelds from your body.
The catoblepas misses you.
You hit the catoblepas.
The catoblepas gores you but does no damage.
You puncture the catoblepas! The catoblepas gores you!
You puncture the catoblepas! You puncture the catoblepas!
The catoblepas barely misses you.
You hit the catoblepas. The catoblepas gores you!!
You hit the catoblepas. You barely miss the catoblepas.
The catoblepas gores you!
* * * LOW HITPOINT WARNING * * *
You hit the catoblepas.
The catoblepas gores you but does no damage.
You hit the catoblepas.
The catoblepas breathes a plume of calcifying dust at you.
The blast of calcifying dust hits you!
* * * LOW HITPOINT WARNING * * *
The catoblepas gores you!
* * * LOW HITPOINT WARNING * * *
You see here 9 gold pieces.
You hit the catoblepas. You puncture the catoblepas! The catoblepas gores you!
* * * LOW HITPOINT WARNING * * *
Aim: a catoblepas (severely wounded)
The shard of ice hits the catoblepas.
The catoblepas gores you!!
You die...
Kikubaaqudgha rasps: "You have failed me!
Welcome... death!"

...[......## ######.#
#........
#######..#######......#
#####.###
#....^.....###### #.# #
##.##.####># #.# #
#.##.## ### #.###
#.##.[## #....
####...##### #####
..##.##...# #####
$≈≈###≈≈@.# ###....
≈..≈§§§§Y.# #......
≈.......≈### #.#.#..
#≈.≈≈≈.≈##.#### #.#.#.#
...≈<≈........# #.#.#.#
#≈.≈≈≈.≈##.##.# #.#....
≈.......≈####.###
#......
≈..≈.≈..≈.#.....#
#####.#
)≈≈###≈≈$.#.###.# ###.#


You could see a catoblepas.

Vanquished Creatures
  A centaur warrior (D:12)
  Erica (D:9)
  A deep elf mage (D:8)
  3 centaur zombies
  A gargoyle (D:10)
  3 trolls
  2 hornets
  2 hippogriffs
  6 yaks
  A human (D:8)
  A hungry ghost (D:9)
  2 hogs (D:8)
  2 wargs
  A water moccasin (D:9)
  A black bear (D:8)
  An eye of draining (D:9)
  5 ice beasts
  A phantom (D:4)
  5 orc warriors
  6 ogres
  2 necrophages
  4 centaurs
  3 big kobolds
  4 bullfrogs
  A hornet simulacrum (D:11)
  3 scorpions
  18 killer bees
  6 wights (D:12)
  4 howler monkeys
  5 crimson imps
  A quasit (D:11)
  3 bullfrog skeletons
  2 bullfrog zombies
  A centaur skeleton (D:10)
  4 hounds
  10 orc priests
  9 orc wizards
  Natasha (D:4)
  2 iguanas
  8 worker ants
  A hound skeleton (D:6)
  A worker ant zombie (D:9)
  4 gnolls (D:10)
  3 river rats (Sewer)
  12 adders
  3 shadow imps
  4 oozes
  A worm (D:2)
  3 dart slugs
  4 leopard geckos
  45 orcs
  2 ball pythons (D:1)
  7 bats
  6 giant cockroaches
  9 goblins
  5 hobgoblins
  2 jackals (Sewer)
  19 kobolds
  A quokka (D:12)
  3 frilled lizards
  A quokka zombie (D:6)
  12 rats
285 creatures vanquished.

Vanquished Creatures (collateral kills)
  A two-headed ogre (D:11)
  A manticore (D:11)
  A cyclops (D:11)
  2 trolls (D:10)
  3 yaks (D:9)
  An acid dragon (D:10)
  A sky beast (D:11)
  An orc warrior (D:11)
  An ice beast (D:11)
  A black bear (D:11)
  2 gnoll sergeants (D:10)
  A crimson imp (D:8)
  A hound (D:10)
  An orc priest (D:11)
  A worker ant (D:11)
  4 gnolls (D:10)
  2 orcs (D:10)
  A kobold (D:10)
26 creatures vanquished.

Grand Total: 311 creatures vanquished

Notes
Turn   | Place    | Note
-------+----------+-------------------------------------------
     0 | D:1      | MalarOregon the Merfolk Ice Elementalist began the quest
                  | for the Orb.
     0 | D:1      | Reached XP level 1. HP: 13/13 MP: 3/3
   304 | D:1      | Reached XP level 2. HP: 20/20 MP: 3/5
   656 | D:1      | Reached skill level 1 in Fighting
   740 | D:1      | Reached XP level 3. HP: 24/26 MP: 1/6
   798 | D:1      | Found a snail-covered altar of Cheibriados.
  1418 | D:2      | Reached XP level 4. HP: 22/33 MP: 0/7
  2963 | D:3      | Reached XP level 5. HP: 33/38 MP: 5/9
  3186 | D:3      | Learned a level 2 spell: Throw Frost
  3191 | D:3      | Learned a level 4 spell: Throw Icicle
  3221 | D:4      | Noticed a phantom
  3418 | D:4      | Reached skill level 1 in Conjurations
  3565 | D:4      | Found a white marble altar of Elyvilon.
  3632 | D:4      | Reached XP level 6. HP: 46/46 MP: 6/10
  3741 | D:4      | Noticed Natasha
  3749 | D:4      | Killed Natasha
  3945 | D:4      | Got a pair of jewelled gloves
  3970 | D:4      | Identified the +2 pair of gloves "Cypsestra" {rPois rF+
                  | Slay+3} (You found it on level 4 of the Dungeon)
  4125 | D:4      | Learned a level 4 spell: Summon Ice Beast
  4152 | D:4      | Killed a phantom
  4270 | D:5      | Entered Level 5 of the Dungeon
  4361 | D:5      | Reached skill level 5 in Dodging
  4361 | D:5      | Reached XP level 7. HP: 35/52 MP: 7/12
  4498 | D:5      | Reached skill level 5 in Ice Magic
  4567 | D:5      | Found a glowing drain.
  4645 | Sewer    | Entered a sewer
  4758 | Sewer    | Found a glowing silver altar of Zin.
  4909 | D:5      | Found a sand-covered staircase.
  5077 | D:5      | Got a jewelled flail
  5088 | D:5      | Found a sacrificial altar of Ru.
  5089 | D:5      | Found an opulent altar of Gozag.
  5358 | D:5      | Found a blossoming altar of Fedhas.
  5440 | D:6      | Reached XP level 8. HP: 42/60 MP: 6/14
  6185 | D:6      | Identified the cursed +1 flail of Summer {speed, +Inv rC+}
                  | (You found it on level 5 of the Dungeon)
  6197 | D:6      | Found Funkog's Assorted Antiques.
  6219 | D:6      | Bought a pair of boots for 99 gold pieces
  6219 | D:6      | Bought a scroll labeled KYOXILINEWK for 22 gold pieces
  6219 | D:6      | Bought an ivory wand for 88 gold pieces
  6219 | D:6      | Bought a scroll labeled KENANUODAQ for 22 gold pieces
  6219 | D:6      | Bought a smoky silvery potion for 19 gold pieces
  6334 | D:6      | Noticed a hippogriff
  6349 | D:6      | Killed a hippogriff
  6349 | D:6      | Reached skill level 5 in Fighting
  6743 | D:7      | Reached skill level 5 in Spellcasting
  6743 | D:7      | Reached XP level 9. HP: 68/68 MP: 11/16
  6767 | D:7      | Found a staircase to the Ecumenical Temple.
  6782 | D:7      | Reached skill level 1 in Polearms
  6786 | D:7      | Found Gucuest's Weapon Shoppe.
  6856 | Temple   | Entered the Ecumenical Temple
  7000 | D:7      | Reached skill level 2 in Polearms
  7186 | Temple   | Became a worshipper of Kikubaaqudgha
  7207 | D:7      | Learned a level 3 spell: Vampiric Draining
  7212 | D:7      | Learned a level 4 spell: Animate Dead
  7619 | D:8      | Reached skill level 3 in Polearms
  7789 | D:8      | Noticed a deep elf mage
  7832 | D:7      | Reached skill level 1 in Necromancy
  8048 | D:7      | Reached skill level 4 in Polearms
  8278 | D:8      | Reached * piety under Kikubaaqudgha
  8278 | D:8      | Identified Kikubaaqudgha's Reference Book on Necromancy
                  | (Kikubaaqudgha gifted it to you on level 8 of the Dungeon)
  8278 | D:8      | Received a gift from Kikubaaqudgha
  8417 | D:8      | Killed a deep elf mage
  8417 | D:8      | Reached skill level 5 in Polearms
  8520 | D:8      | Identified a scroll of acquirement
  8626 | D:8      | Reached XP level 10. HP: 30/76 MP: 10/18
  8632 | D:8      | Reached skill level 6 in Polearms
  9136 | D:8      | Found a radiant altar of Vehumet.
  9402 | D:9      | Reached skill level 7 in Polearms
  9442 | D:9      | Noticed Erica
  9464 | D:9      | Killed Erica
  9557 | D:9      | Learned a level 1 spell: Animate Skeleton
  9559 | D:9      | Found Xuces's Weapon Shop.
  9974 | D:8      | Reached skill level 8 in Polearms
 10380 | D:9      | Reached ** piety under Kikubaaqudgha
 10397 | D:8      | HP: 2/79 [killer bee (6)]
 10917 | D:9      | Got a smelly chain mail
 10919 | D:9      | Found a staircase to the Lair.
 10936 | D:9      | Reached skill level 9 in Polearms
 10936 | D:9      | Reached XP level 11. HP: 39/84 MP: 20/20
 11155 | D:9      | Found a sparkling altar of Nemelex Xobeh.
 11378 | D:10     | Entered Level 10 of the Dungeon
 12580 | D:10     | Found a runed door.
 12589 | D:10     | Found a runed door.
 12592 | D:10     | Noticed a wolf spider
 12592 | D:10     | Noticed an alligator
 12592 | D:10     | a wolf spider changed into an alligator
 12592 | D:10     | Noticed a centaur warrior
 12593 | D:10     | Noticed a lich
 12593 | D:10     | Noticed Anadir's ghost (novice TrBe)
 12594 | D:10     | Noticed a necromancer
 12594 | D:10     | Noticed a spark wasp
 12594 | D:10     | an alligator changed into a spark wasp
 12642 | D:10     | Noticed a great orb of eyes
 12868 | D:10     | Reached skill level 10 in Polearms
 13704 | D:10     | Noticed an iron giant
 13704 | D:10     | Noticed an acid blob
 13704 | D:10     | an iron giant changed into an acid blob
 13706 | D:10     | Noticed a caustic shrike
 13706 | D:10     | an acid blob changed into a caustic shrike
 14195 | D:10     | Identified the +5 chain mail "Jig Bixt" {Dex+7} (You found
                  | it on level 9 of the Dungeon)
 14226 | D:10     | Reached *** piety under Kikubaaqudgha
 14226 | D:10     | Identified Kikubaaqudgha's Collected Works on Unholy
                  | Rituals (Kikubaaqudgha gifted it to you on level 10 of the
                  | Dungeon)
 14226 | D:10     | Received a gift from Kikubaaqudgha
 14452 | D:10     | Noticed an unseen horror
 14452 | D:10     | a jumping spider changed into an unseen horror
 14457 | D:10     | an unseen horror changed into a tarantella
 15144 | D:11     | Noticed a two-headed ogre
 15155 | D:11     | Killed a two-headed ogre
 15155 | D:11     | Reached skill level 1 in Summonings
 15161 | D:11     | Noticed a manticore
 15172 | D:11     | Killed a manticore
 15239 | D:11     | Noticed a cyclops
 15250 | D:11     | Killed a cyclops
 15648 | D:11     | Reached skill level 10 in Dodging
 15811 | D:11     | Reached **** piety under Kikubaaqudgha
 15997 | D:12     | Noticed a centaur warrior
 16021 | D:12     | Killed a centaur warrior
 16021 | D:12     | Reached skill level 11 in Polearms
 16353 | D:12     | Found a staircase to the Orcish Mines.
 16429 | D:12     | Reached XP level 12. HP: 84/91 MP: 22/22
 16477 | D:12     | Found Qeujicu's Weapon Shoppe.
 16480 | D:12     | Bought a throwing net for 45 gold pieces
 16635 | D:12     | Found Giaco's General Store.
 16638 | D:12     | Paralysed by a hornet for 1 turns
 16648 | D:12     | Bought a scroll of enchant weapon for 97 gold pieces
 16659 | D:12     | Noticed a catoblepas
 16679 | D:12     | Slain by a catoblepas

Skill      XL: |  1  2  3  4  5  6  7  8  9 10 11 |
---------------+----------------------------------+-----
Dodging        | 3 4 5 7 8 9 10 | 10.2
Fighting       | 1 2 3 4 5 6 7 8 |  8.2
Ice Magic      | 4 5 6 7 8 9 |  9.1
Spellcasting   | 3 4 5 6 7 |  7.3
Conjurations   | 1 2 3 4 |  4.6
Polearms       | 5 9 11 | 11.3
Necromancy     | 1 3 4 |  4.4
Summonings     | 2 |  2.2
Stealth        | |  2.1

Action                   |  1- 3 |  4- 6 |  7- 9 | 10-12 || total
-------------------------+-------+-------+-------+-------++-------
Melee: Unarmed           |    24 |       |       |       ||    24
       Scimitar          |       |    24 |       |       ||    24
       Trident           |       |     1 |   121 |   531 ||   653
       Flail             |       |       |    12 |       ||    12
       Tailslap          |       |       |       |     1 ||     1
Throw: Javelin           |       |       |     2 |       ||     2
 Cast: Freeze            |    55 |    87 |   161 |   133 ||   436
       Throw Frost       |       |     1 |     6 |     9 ||    16
       Throw Icicle      |       |     2 |     8 |    12 ||    22
       Animate Dead      |       |       |       |     5 ||     5
       Vampiric Draining |       |       |       |     4 ||     4
       Summon Ice Beast  |       |       |       |    22 ||    22
       Animate Skeleton  |       |       |       |    17 ||    17
Evoke: Wand              |       |     1 |       |       ||     1
  Use: Potion            |       |     1 |       |     4 ||     5
       Scroll            |       |       |    16 |     9 ||    25
 Stab: Sleeping          |       |     3 |     9 |     6 ||    18
       Paralysed         |       |     5 |       |       ||     5
       Distracted        |       |       |     1 |     1 ||     2
  Eat: Chunk             |     2 |    10 |    14 |    23 ||    49
       Ration            |       |       |       |     3 ||     3
Armor: Robe              |     7 |     8 |    50 |    85 ||   150
       Acid dragon scale |       |       |       |    63 ||    63
Dodge: Dodged            |    43 |    72 |   204 |   748 ||  1067
       Rpst.: Scimitar   |       |    11 |       |       ||    11
